 Dungeon Crawl Stone Soup version 0.23.2-1-ga50397a (webtiles) character file.

Game seed: 14364688568618976111

1828 wilfster70 the Sneak (level 9, 0/65 HPs)
             Began as a Gnoll Enchanter on May 28, 2019.
             Was a Follower of Wu Jian.
             Slain by a sky beast (5 damage)
             ... on level 6 of the Dungeon.
             The game lasted 00:22:16 (5804 turns).

wilfster70 the Sneak (Gnoll Enchanter)              Turns: 5804, Time: 00:22:17

Health: 0/65       AC:  3    Str: 12    XL:     9   Next: 11%
Magic:  20/27      EV: 16    Int: 19    God:    Wu Jian [*.....]
Gold:   314        SH:  0    Dex: 16    Spells: 7/20 levels left

rFire    . . .     SeeInvis .   a - +2 dagger (flame)
rCold    . . .     Gourm    .   (no shield)
rNeg     . . .     Faith    .   C - +0 robe
rPois    +         Spirit   .   u - +0 helmet
rElec    .         Reflect  .   (no cloak)
rCorr    .         Harm     .   (no gloves)
MR       .....                  (no boots)
Stlth    ++++......             (no amulet)
HPRegen  0.20/turn              y - ring of magical power
MPRegen  0.20/turn              F - ring of poison resistance

@: very slightly contaminated
A: distributed training, fangs 1, strong nose
a: Renounce Religion


You were on level 6 of the Dungeon.
You worshipped Wu Jian.
Wu Jian was aware of your devotion.
You were not hungry.

You visited 2 branches of the dungeon, and saw 7 of its levels.

You collected 314 gold pieces.

Inventory:

Hand Weapons
 a - a +2 dagger of flaming (weapon)
 b - a +5 flail of holy wrath
 w - a +0 blowgun
Missiles
 c - 170 stones (quivered)
 j - 72 sling bullets
 x - 16 poisoned needles
Armour
 l - a +0 leather armour
 u - a +0 helmet (worn)
 C - a +0 robe (worn)
Jewellery
 y - a ring of magical power (left hand)
 E - an uncursed ring of ice
 F - a ring of poison resistance (right hand)
Scrolls
 f - a scroll of magic mapping
 g - 2 scrolls of blinking {unknown}
 o - 2 scrolls of identify
 p - 3 scrolls of remove curse {unknown}
 r - 4 scrolls of teleportation {unknown}
 t - a scroll of random uselessness {unknown}
 v - 2 scrolls of immolation {unknown}
 z - 2 scrolls of enchant armour {unknown}
 A - 2 scrolls of amnesia {unknown}
 G - a scroll of fear {unknown}
Potions
 e - a potion of magic {unknown}
 h - 4 potions of curing
 i - 5 potions of lignification {unknown}
 k - a potion of might {unknown}
 m - 2 potions of heal wounds {unknown}
 n - 2 potions of haste {unknown}
 q - a potion of berserk rage {unknown}
 s - a potion of flight {unknown}
 B - 2 potions of resistance {unknown}
 H - a potion of experience {unknown}
Comestibles
 d - 9 rations
 D - 4 chunks of flesh


   Skills:
 + Level 3.8 Fighting
 + Level 4.7 Short Blades
 + Level 3.8 Long Blades
 + Level 3.8 Axes
 + Level 3.8 Maces & Flails
 + Level 3.8 Polearms
 + Level 3.8 Staves
 + Level 3.8 Slings
 + Level 3.8 Bows
 + Level 3.8 Crossbows
 + Level 3.8 Throwing
 + Level 3.8 Armour
 + Level 6.0 Dodging
 + Level 7.2 Stealth
 + Level 3.8 Shields
 + Level 3.8 Unarmed Combat
 + Level 6.3 Spellcasting
 + Level 3.1 Conjurations
 + Level 6.3 Hexes
 + Level 3.1 Charms
 + Level 3.1 Summonings
 + Level 3.1 Necromancy
 + Level 3.1 Translocations
 + Level 3.1 Transmutations
 + Level 3.1 Fire Magic
 + Level 3.1 Ice Magic
 + Level 3.1 Air Magic
 + Level 3.1 Earth Magic
 + Level 3.1 Poison Magic
 + Level 4.2 Invocations
 + Level 3.8 Evocations


You had 7 spell levels left.
You knew the following spells:

 Your Spells              Type           Power        Failure   Level  Hunger
a - Corona                Hex            ####...      1%          1    None
b - Ensorcelled Hibernat  Hex/Ice        ###...       2%          2    None
c - Confuse               Hex            ####....     2%          3    ##.....
d - Dazzling Spray        Conj/Hex       ###...       4%          3    ##.....
e - Call Imp              Summ           ###.....     4%          2    None
g - Blink                 Tloc           N/A          4%          2    None

Your spell library contained the following spells:

 Spells                   Type           Power        Failure   Level  Hunger
 Slow                     Hex            ####....     1%          2    None
 Tukima's Dance           Hex            ####....     2%          3    ##.....
 Magic Dart               Conj           ###.         3%          1    None
 Conjure Flame            Conj/Fire      ###.....     9%          3    ##.....
 Mephitic Cloud           Conj/Pois/Air  ###.....     9%          3    ##.....


Dungeon Overview and Level Annotations

Branches:
Dungeon (6/15)             Temple (1/1) D:4

Altars:
Ashenzari
Cheibriados
Elyvilon
Fedhas
Gozag
Hepliaklqana
Kikubaaqudgha
Makhleb
Ru
Sif Muna
Trog
Uskayaw
Vehumet
Wu Jian
Xom
Yredelemnul
Zin
The Shining One

Shops:
D:4 *


Innate Abilities, Weirdness & Mutations

Your experience applies equally to all skills.
You have very sharp teeth.
Your uncanny sense of smell can sniff out nearby items.


Message History

Aiming: Ensorcelled Hibernation (safe; 2% risk of failure)
Press: ? - help, Shift-Dir - straight line, f/p - sky beast
Aim: a sky beast (chance to defeat MR: 53%)
You miscast Ensorcelled Hibernation.
You are very lightly contaminated with residual magic.
Multicoloured lights dance before your eyes!
The sky beast flickers out of sight!
Deactivating autopickup; reactivate with Ctrl-A.
Something hits you.
* * * LOW HITPOINT WARNING * * *
Something shocks you.
* * * LOW HITPOINT WARNING * * *
You feel better. Something hits you.
* * * LOW HITPOINT WARNING * * *
Something shocks you.
* * * LOW HITPOINT WARNING * * *
You feel better. Something hits you.
* * * LOW HITPOINT WARNING * * *
Something shocks you.
You die...

** *,,,,,........** ,**
**,,,,,......** ,,**
**,,,,,.....* *,,***
*,,,,,,...#* ***,.**
**,,,,,,..# **..##*
**,,,*##.# **#..#* **####..##
******#..### ####......##
,,,,,,,#...###.{@.#####.###
,,,,,,,,*#...(.####.......##
,,,,,,∆,*#.≈####...........#*
,<,,,,,*##.##
#........##..#** ,,,,,,**#..#
#........#*##..#**
,,,,,**##.## #.......##
**..,, ,,,,**##.## ##.....##
**.** ,,*** #..## ##....#
*,,* ,** ##...# ##.<##
****,**


There were no monsters in sight!

Vanquished Creatures
  Grinder (D:3)
  Edmund (D:4)
  An orc warrior (D:5)
  2 sky beasts (D:5)
  A black bear (D:6)
  An ogre (D:5)
  A scorpion (D:4)
  A howler monkey (D:6)
  A crimson imp (D:5)
  A centaur zombie (D:6)
  A hound (D:5)
  2 jellies
  4 orc priests
  5 orc wizards
  Jessica (D:2)
  3 iguanas
  Natasha (thrice) (D:3)
  5 worker ants
  3 hound skeletons
  6 adders
  4 gnolls (D:3)
  2 adder skeletons
  4 worms
  2 leopard geckos
  24 orcs
  6 giant cockroaches
  6 hobgoblins
  11 jackals
  8 kobolds
  3 quokkas
  11 bats
  5 frilled lizards
  6 goblins
  A jackal skeleton (D:4)
  A leopard gecko skeleton (D:4)
  A quokka skeleton (D:3)
  11 rats
150 creatures vanquished.

Notes
Turn   | Place    | Note
-------+----------+-------------------------------------------
     0 | D:1      | wilfster70 the Gnoll Enchanter began the quest for the Orb.
     0 | D:1      | Reached XP level 1. HP: 13/13 MP: 6/6
   146 | D:1      | Reached XP level 2. HP: 5/19 MP: 4/7
   375 | D:1      | Learned a level 2 spell: Ensorcelled Hibernation
   814 | D:1      | Reached XP level 3. HP: 22/25 MP: 9/9
   868 | D:1      | Reached skill level 5 in Spellcasting
   950 | D:1      | Learned a level 3 spell: Confuse
   954 | D:1      | Learned a level 3 spell: Dazzling Spray
  1121 | D:2      | Reached skill level 6 in Stealth
  1155 | D:2      | Reached skill level 1 in Invocations
  1408 | D:2      | Noticed a phantom
  1607 | D:2      | Reached skill level 1 in Fighting
  1607 | D:2      | Reached skill level 1 in Long Blades
  1607 | D:2      | Reached skill level 1 in Axes
  1607 | D:2      | Reached skill level 1 in Maces & Flails
  1607 | D:2      | Reached skill level 1 in Polearms
  1607 | D:2      | Reached skill level 1 in Staves
  1607 | D:2      | Reached skill level 1 in Slings
  1607 | D:2      | Reached skill level 1 in Bows
  1607 | D:2      | Reached skill level 1 in Crossbows
  1607 | D:2      | Reached skill level 1 in Throwing
  1607 | D:2      | Reached skill level 1 in Armour
  1607 | D:2      | Reached skill level 1 in Shields
  1607 | D:2      | Reached skill level 1 in Unarmed Combat
  1607 | D:2      | Reached skill level 1 in Evocations
  1628 | D:2      | Reached XP level 4. HP: 32/32 MP: 6/11
  1891 | D:2      | Noticed Jessica
  1894 | D:2      | Killed Jessica
  2133 | D:3      | Reached skill level 1 in Conjurations
  2133 | D:3      | Reached skill level 1 in Charms
  2133 | D:3      | Reached skill level 1 in Summonings
  2133 | D:3      | Reached skill level 1 in Necromancy
  2133 | D:3      | Reached skill level 1 in Translocations
  2133 | D:3      | Reached skill level 1 in Transmutations
  2133 | D:3      | Reached skill level 1 in Fire Magic
  2133 | D:3      | Reached skill level 1 in Ice Magic
  2133 | D:3      | Reached skill level 1 in Air Magic
  2133 | D:3      | Reached skill level 1 in Earth Magic
  2133 | D:3      | Reached skill level 1 in Poison Magic
  2239 | D:3      | Noticed Natasha
  2243 | D:3      | Killed Natasha
  2243 | D:3      | Reached XP level 5. HP: 37/37 MP: 12/12
  2245 | D:3      | Noticed Grinder
  2267 | D:3      | Killed Grinder
  2267 | D:3      | Reached skill level 5 in Dodging
  2267 | D:3      | Reached XP level 6. HP: 34/44 MP: 7/14
  2565 | D:3      | Noticed Natasha
  2578 | D:3      | Killed Natasha
  2578 | D:3      | Reached XP level 7. HP: 50/50 MP: 12/15
  2665 | D:3      | Noticed Natasha
  2673 | D:3      | Killed Natasha
  3460 | D:4      | Found a staircase to the Ecumenical Temple.
  3469 | Temple   | Entered the Ecumenical Temple
  3682 | Temple   | Became a worshipper of the Wu Jian Council
  3840 | D:4      | Learned a level 2 spell: Blink
  3843 | D:4      | Learned a level 2 spell: Call Imp
  3856 | D:4      | Found Kaca's General Store.
  3891 | D:4      | Noticed Edmund
  3943 | D:4      | Killed Edmund
  4614 | D:4      | Reached XP level 8. HP: 57/57 MP: 16/16
  4742 | D:5      | Entered Level 5 of the Dungeon
  5079 | D:5      | Found a burning altar of Makhleb.
  5482 | D:5      | Reached * piety under Wu Jian
  5482 | D:5      | Reached skill level 7 in Stealth
  5754 | D:6      | Reached XP level 9. HP: 62/65 MP: 18/18
  5802 | D:6      | HP: 2/65 [something (5)]
  5804 | D:6      | Slain by a sky beast

Skill      XL: |  1  2  3  4  5  6  7  8  9 |
---------------+----------------------------+-----
Spellcasting   | 5 6 |  6.3
Stealth        | 6 7 |  7.2
Invocations    | 1 2 3 4 |  4.2
Fighting       | 1 2 3 |  3.8
Long Blades    | 1 2 3 |  3.8
Axes           | 1 2 3 |  3.8
Maces & Flails | 1 2 3 |  3.8
Polearms       | 1 2 3 |  3.8
Staves         | 1 2 3 |  3.8
Slings         | 1 2 3 |  3.8
Bows           | 1 2 3 |  3.8
Crossbows      | 1 2 3 |  3.8
Throwing       | 1 2 3 |  3.8
Armour         | 1 2 3 |  3.8
Shields        | 1 2 3 |  3.8
Unarmed Combat | 1 2 3 |  3.8
Evocations     | 1 2 3 |  3.8
Conjurations   | 1 2 3 |  3.1
Charms         | 1 2 3 |  3.1
Summonings     | 1 2 3 |  3.1
Necromancy     | 1 2 3 |  3.1
Translocations | 1 2 3 |  3.1
Transmutations | 1 2 3 |  3.1
Fire Magic     | 1 2 3 |  3.1
Ice Magic      | 1 2 3 |  3.1
Air Magic      | 1 2 3 |  3.1
Earth Magic    | 1 2 3 |  3.1
Poison Magic   | 1 2 3 |  3.1
Short Blades   | 3 4 |  4.7
Dodging        | 5 6 |  6.0
Hexes          | 6 |  6.3

Action                   |  1- 3 |  4- 6 |  7- 9 || total
-------------------------+-------+-------+-------++-------
Melee: Dagger            |   101 |    41 |   108 ||   250
       Bite              |     4 |     3 |     5 ||    12
       Flail             |       |       |    15 ||    15
Throw: Stone             |       |       |     2 ||     2
 Cast: Corona            |     3 |       |       ||     3
       Ensorcelled Hiber |    13 |    19 |    65 ||    97
       Confuse           |     2 |     6 |       ||     8
       Dazzling Spray    |     1 |       |       ||     1
Invok: Lunge             |       |       |    21 ||    21
  Use: Scroll            |       |       |     2 ||     2
       Potion            |       |       |     2 ||     2
 Stab: Sleeping          |    26 |    22 |    61 ||   109
       Confused          |       |     2 |       ||     2
  Eat: Chunk             |     3 |     3 |    10 ||    16
Armor: Robe              |    19 |     4 |    12 ||    35
Dodge: Dodged            |    87 |    19 |    79 ||   185
